 Dungeon Crawl Stone Soup version 0.28.0 (webtiles) character file.

Game seed: 16184886612172593608

2 inmateoo the Magician (level 1, 0/15 HPs)
             Began as a Djinni Fire Elementalist on Feb 14, 2022.
             Slain by a bat (1 damage)
             ... on level 2 of the Dungeon.
             The game lasted 00:00:38 (79 turns).

inmateoo the Magician (Djinni Fire Elementalist)      Turns: 79, Time: 00:00:39

Health: 0/15       AC:  2    Str:  7    XL:     1   Next: 33%
Gold:   11         EV: 12    Int: 16    God:
                   SH:  0    Dex: 13

rFire   + + .      SeeInvis .   (no weapon)
rCold   x . .      Faith    .   (no shield)
rNeg    . . .      Spirit   .   a - +0 robe
rPois   ∞          Reflect  .   (no helmet)
rElec   .          Harm     .   (no cloak)
rCorr   .          Rampage  .   (no gloves)
Will    .....                   (boots unavailable)
Stlth   ++........              (no amulet)
HPRegen 0.05/turn               (no ring)
MPRegen 0.00/turn               (no ring)

@: flying
A: sickness immunity, fire resistance 2, cold vulnerability 1, float, innate
caster, HP casting, extra vitality 1
a: no special abilities


You were on level 2 of the Dungeon.
You visited 1 branch of the dungeon, and saw 2 of its levels.

You collected 11 gold pieces.

Inventory:

Armour
 a - a +0 robe (worn)


   Skills:
 + Level 2.2 Dodging
 + Level 1.6 Stealth
 + Level 2.4 Spellcasting


You couldn't memorise any spells.
You knew the following spells:

 Your Spells              Type           Power      Damage    Failure   Level
a - Foxfire               Conj/Fire      36%        2x1d5     8%          1
b - Scorch                Fire           18%        2d6       11%         2
c - Conjure Flame         Conj/Fire      9%         6-21      22%         3
d - Inner Flame           Hex/Fire       9%         N/A       22%         3
e - Flame Wave            Conj/Fire      9%         2d5       58%         4
Your spell library was empty.

Dungeon Overview and Level Annotations

Branches:
Dungeon (2/15)

Altars:


Innate Abilities, Weirdness & Mutations

You are immune to sickness and miasma.
You are immune to poison.
Your flesh is very heat resistant. (rF++)
You are vulnerable to cold. (rC-)
You float through the air rather than walking.
You learn spells naturally, not from books.
Your magical power is your life essence.
You have superior vitality. (+4 MHP)


Message History

The gnoll is moderately wounded.
Your magical contamination has completely faded away.
You see here a +0 hunting sling.
A kobold comes into view. It is wielding a +0 club.
The kobold throws a stone.
The stone hits you.
* * * LOW HITPOINT WARNING * * *
There is an escape hatch in the floor here.
You fly downwards.
The hatch slams shut behind you.
The endoplasm quivers.
Found a scroll labelled KIETHR UGIHA.
Casting: Foxfire (safe; 8% risk of failure)
Confirm with . or Enter, or press ? or * to list all spells.
You miscast Foxfire.
You are very lightly contaminated with residual magic.
Nothing appears to happen.
* * * LOW HITPOINT WARNING * * *
Casting: Foxfire (safe; 8% risk of failure)
Confirm with . or Enter, or press ? or * to list all spells.
You don't have enough health to cast this spell.
Your magical contamination has completely faded away.
Casting: Foxfire (safe; 8% risk of failure)
Confirm with . or Enter, or press ? or * to list all spells.
You conjure some foxfire!
* * * LOW HITPOINT WARNING * * *
The endoplasm closely misses you.
Your foxfire dissipates!
The foxfire hits the endoplasm.
The endoplasm is heavily wounded.
The endoplasm barely misses you.
A bat comes into view.
The bat closely misses you. The bat hits you but does no damage.
The bat barely misses you. The bat misses you.
A worm comes into view.
The bat hits you but does no damage.
Found 24 stones.
The bat closely misses you. The bat closely misses you. The bat hits you.
You die...

....#.#.# ....#.#.#
.......# ......# #....+
#....###
###......############
#.........r.J.......#
#.#.#.##.#....b@....#
#.#...##.#........(.#
#..r.....#....?........
##########..........###
#..........#
#.###......# #.#
#.###### #w# #.#


You could see an endoplasm, a bat and a rat.

Vanquished Creatures
  An endoplasm (D:1)
  A bat (D:1)
2 creatures vanquished.

Vanquished Creatures (others)
  5 foxfires
5 creatures vanquished.

Grand Total: 7 creatures vanquished

Notes
Turn   | Place    | Note
-------+----------+-------------------------------------------
     0 | D:1      | inmateoo the Djinni Fire Elementalist began the quest for
                  | the Orb.
     0 | D:1      | Reached XP level 1. HP: 15/15 MP: 0/0
    79 | D:2      | Slain by a bat

Illustrated notes

Levels and vault maps discovered:
D:1:      minmay_arrival_open_corners, layout_basic, serial_shops,
          nicolae_shop_stone, basic_ecumenical_altar, lemuel_another_geyser
D:2:      layout_basic, dk_noncrumbling_3, minmay_misc_feat_chi,
          minmay_misc_feat_cross, minmay_increasing_density

Action                   || total
-------------------------++-------
 Cast: Foxfire           ||     4
Armor: Robe              ||     4
Dodge: Dodged            ||     7
